 Dungeon Crawl Stone Soup version 0.22-a0-362-g535178c (webtiles) character file.

569 zero the Geomancer (level 7, -7/36 HPs)
             Began as a Gargoyle Earth Elementalist on Apr 20, 2018.
             Mangled by an iguana (10 damage)
             ... on level 5 of the Dungeon.
             The game lasted 00:07:17 (5289 turns).

zero the Geomancer (Gargoyle Earth Elementalist)    Turns: 5289, Time: 00:07:18

Health: -7/36      AC:  6    Str: 16    XL:     7   Next: 33%
Magic:  9/11       EV: 14    Int: 16    God:
Gold:   247        SH:  0    Dex: 11    Spells: 2/11 levels left

rFire    . . .     SeeInvis .   i - +4 dagger (venom)
rCold    . . .     Gourm    .   (no shield)
rNeg     + . .     Faith    .   c - +0 robe
rPois    ∞         Spirit   .   (no helmet)
rElec    +         Reflect  .   (no cloak)
rCorr    .         Harm     .   (no gloves)
MR       .....                  (no boots)
Stlth    ++........             (no amulet)
HPRegen  0.12/turn              o - +4 ring of strength
MPRegen  0.12/turn              m - +2 ring of evasion

@: no status effects
A: negative energy resistance 1, electricity resistance, unbreathing,
petrification resistance, rot immunity, AC +4
a: no special abilities


You were on level 5 of the Dungeon.
You were not hungry.

You visited 1 branch of the dungeon, and saw 5 of its levels.

You collected 247 gold pieces.

Inventory:

Hand Weapons
 i - a +4 dagger of venom (weapon)
Missiles
 b - 222 stones (quivered)
Armour
 c - a +0 robe (worn)
Jewellery
 m - a +2 ring of evasion (right hand)
 o - a +4 ring of strength (left hand)
 s - an uncursed ring of fire {unknown}
Wands
 p - a wand of random effects (30)
Scrolls
 h - a scroll of identify
Potions
 a - a potion of agility {unknown}
 e - a potion of curing
 f - 2 potions of might {unknown}
 g - 2 potions of lignification {unknown}
 j - a potion of ambrosia {unknown}
 n - a potion of haste {unknown}
 q - a potion of flight {unknown}
 u - a potion of mutation {unknown}
Comestibles
 d - 8 rations
 k - 2 chunks of flesh


   Skills:
 - Level 1.5 Dodging
 - Level 2.1 Stealth
 + Level 2.9 Spellcasting
   Level 0.7 Transmutations
 + Level 9.4 Earth Magic


You had 2 spell levels left.
You knew the following spells:

 Your Spells              Type           Power        Failure   Level  Hunger
a - Sandblast             Erth           ####..       1%          1    #......
b - Stone Arrow           Conj/Erth      ###...       9%          3    ###....
c - Lee's Rapid Deconstr  Erth           ####......   11%         5    ######.


Dungeon Overview and Level Annotations

Branches:
Dungeon (5/15)
 Temple: D:4-7

Altars:
Zin

Annotations:
D:5 2 transporters


Innate Abilities, Weirdness & Mutations

You are resistant to torment.
Your stone body is resilient. (AC +4)
You are immune to poison.
You resist negative energy. (rN+)
You are resistant to electric shocks. (rElec)
You can survive without breathing.
You are immune to petrification.
You are immune to rotting.


Message History

Press: ? - help, Shift-Dir - straight line, f/p - iguana
Aim: an iguana (moderately wounded, poisoned)
The blast of sand hits the iguana.
The iguana is heavily wounded.
b - 223 stones The iguana bites you!
You barely miss the iguana.
The iguana is heavily wounded.
The iguana bites you!
* * * LOW HITPOINT WARNING * * *
Casting: Sandblast (safe; 1% risk of failure)
Confirm with . or Enter, or press ? or * to list all spells.
Aiming: Sandblast (safe; 1% risk of failure)
Press: ? - help, Shift-Dir - straight line, f/p - iguana
Aim: an iguana (heavily wounded, poisoned)
The blast of sand hits the iguana.
The iguana is almost dead.
b - 222 stones The iguana bites you!
You die...

#.#.# #.# #.#.######.#
#.#........#
#.########.. #.#
#....... ## ##.#
#......# ##.# #..#
#.......
##...####.#.###.......
#...l@...###..........
##...####.#...#.......
##.# ##...####....# #.
##.## ####.. # #.# ###
#.# ##+# ##...##
##.....## ##


You could see an iguana.

Vanquished Creatures
  A phantom (D:5)
  A hound (D:4)
  2 centaur skeletons
  Ijyb (D:3)
  5 worker ants
  6 gnolls
  8 adders
  An adder skeleton (D:5)
  2 worms (D:2)
  3 dart slugs
  2 leopard geckos (D:2)
  13 orcs
  14 bats
  4 giant cockroaches
  14 goblins
  6 hobgoblins
  7 jackals (D:3)
  5 kobolds
  A ball python (D:3)
  4 frilled lizards
  7 rats
107 creatures vanquished.

Notes
Turn   | Place    | Note
-------+----------+-------------------------------------------
     0 | D:1      | zero the Gargoyle Earth Elementalist began the quest for the Orb.
     0 | D:1      | Reached XP level 1. HP: 10/10 MP: 3/3
    27 | D:1      | Reached skill level 4 in Earth Magic
    82 | D:1      | Reached XP level 2. HP: 8/15 MP: 1/5
  1611 | D:2      | Reached XP level 3. HP: 19/19 MP: 4/6
  1612 | D:2      | Reached skill level 5 in Earth Magic
  2196 | D:2      | Reached XP level 4. HP: 17/24 MP: 7/7
  2277 | D:2      | Learned a level 3 spell: Stone Arrow
  2318 | D:2      | Reached skill level 6 in Earth Magic
  3012 | D:3      | Reached XP level 5. HP: 28/28 MP: 8/8
  3300 | D:3      | Noticed Ijyb
  3306 | D:3      | Reached skill level 7 in Earth Magic
  3313 | D:3      | Killed Ijyb
  4127 | D:4      | Reached XP level 6. HP: 25/32 MP: 9/9
  4152 | D:4      | Reached skill level 8 in Earth Magic
  4839 | D:4      | Reached skill level 9 in Earth Magic
  4863 | D:4      | Learned a level 5 spell: Lee's Rapid Deconstruction
  4909 | D:5      | Entered Level 5 of the Dungeon
  5013 | D:5      | Reached XP level 7. HP: 36/36 MP: 10/10
  5107 | D:5      | Found a glowing silver altar of Zin.
  5109 | D:5      | Found a transporter.
  5186 | D:5      | Found a transporter.
  5289 | D:5      | Mangled by an iguana

Vault maps used:
D:1:      sevenhm_arrival_forest_fort_small_5
D:3:      kennysheep_goblin_castle, roderic_batcave
D:4:      first_ration
D:5:      gammafunk_temple_overflow_arena

Skill      XL: |  1  2  3  4  5  6 |
---------------+-------------------+-----
Earth Magic    | 4 5 6 7 9 |  9.4
Dodging        | |  1.5
Stealth        | |  2.1
Spellcasting   | |  2.9
Transmutations | |  0.7

Action                   |  1- 3 |  4- 6 |  7- 9 || total
-------------------------+-------+-------+-------++-------
Melee: Unarmed           |    34 |       |       ||    34
       Dagger            |    91 |   220 |    25 ||   336
Throw: Stone             |       |     3 |       ||     3
 Cast: Sandblast         |    30 |    28 |    12 ||    70
       Stone Arrow       |       |     1 |       ||     1
  Use: Scroll            |     2 |    10 |       ||    12
 Stab: Sleeping          |     4 |     7 |       ||    11
  Eat: Chunk             |     1 |     7 |     1 ||     9
       Ration            |     1 |     1 |       ||     2
Armor: Robe              |    50 |   115 |     5 ||   170
Dodge: Dodged            |    91 |   195 |    20 ||   306

Table legend:
 A = Spawn XP
 B = Non-spawn XP
 C = Spawn XP percentage of total XP
 D = Spawn monster count
 E = Non-spawn monster count
 F = Spawn count percentage of total count
 G = Total turns spent on level
                    A         B        C        D         E        F      G
               +---------+---------+-------+---------+---------+-------+---------
         Total |       0 |     814 |   0.0 |       0 |     107 |   0.0 |  5289
               +---------+---------+-------+---------+---------+-------+---------
           D:1 |       0 |      33 |   0.0 |       0 |      17 |   0.0 |  1581
           D:2 |       0 |      91 |   0.0 |       0 |      22 |   0.0 |  1016
           D:3 |       0 |     163 |   0.0 |       0 |      43 |   0.0 |  1265
           D:4 |       0 |     284 |   0.0 |       0 |      17 |   0.0 |  1047
           D:5 |       0 |     243 |   0.0 |       0 |       8 |   0.0 |   380
               +---------+---------+-------+---------+---------+-------+---------
